 Dungeon Crawl Stone Soup version 0.31-a0-164-g2312942fda (webtiles) character file.

Game seed: 2538561867145496428

266 qw the Shooter (level 6, -3/38 HPs)
             Began as a Gargoyle Hunter on June 13, 2023.
             Was an Initiate of Okawaru.
             Slain by an ogre
             ... wielding a +0 giant club
              (22 damage)
             ... on level 5 of the Dungeon.
             The game lasted 00:00:58 (3484 turns).

qw the Shooter (Gargoyle Hunter)                    Turns: 3484, Time: 00:00:59

Health: -3/38      AC: 10    Str: 15    XL:     6   Next: 20%
Magic:  6/6        EV: 11    Int:  9    God:    Okawaru [......]
Gold:   195        SH:  0    Dex: 15    Spells: 5/5 levels left

rFire   . . .        Y - +2 shortbow
rCold   . . .        (shield currently unavailable)
rNeg    + . .        b - +0 ring mail
rPois   inf          d - +0 helmet
rElec   +            (no cloak)
rCorr   .            (no gloves)
SInv    .            (no boots)
Will    .....        (no amulet)
Stlth   +            (no ring)
HPRegen 0.26/turn    (no ring)
MPRegen 0.10/turn

%: no passive effects
@: no status effects
A: sickness immunity, AC +4, negative energy resistance 1, electricity
resistance, torment resistance 1, petrification resistance
a: Renounce Religion


You were on level 5 of the Dungeon.
You worshipped Okawaru.
Okawaru was noncommittal.
You visited 1 branch of the dungeon, and saw 5 of its levels.

You collected 195 gold pieces.


Innate Abilities, Weirdness & Mutations

You are immune to sickness and miasma.
Your stone body is resilient. (AC +4)
You are immune to poison.
You resist negative energy. (rN+)
You are resistant to electric shocks. (rElec)
You are resistant to unholy torment.
You are immune to petrification.


   Skills:
 - Level 4.3 Fighting
 + Level 6.2 Ranged Weapons
 - Level 1.0 Armour
 - Level 1.5 Dodging
 - Level 1.1 Stealth


You had 5 spell levels left.
You didn't know any spells.
Your spell library was empty.

Inventory:

Hand Weapons
 Y - a +2 shortbow (weapon)
Armour
 b - a +0 ring mail (worn)
 d - a +0 helmet (worn)
Scrolls
 f - a scroll of identify
Potions
 a - a potion of curing
 c - a potion of degeneration {unknown}
 e - a potion of lignification {unknown}
 g - a potion of might {unknown}

Dungeon Overview and Level Annotations

Branches:
Dungeon (5/15)
 Temple: D:4-7

Altars:
Okawaru
Yredelemnul
The Shining One


Message History

Enter note:
Enter note:
Enter note:
Enter note:
Enter note:
Enter note:
Enter note:
Enter note:
Enter note:
Enter note:
Enter note:
Enter note:
Enter note: Partly explored, can't reach some places.
(D) Dungeon
Where to? (* - list waypoints, Enter - D:4 @ (x,y), ? - help)
What level of the Dungeon? (default 1, ? - help)
There is a stone staircase leading down here.
You climb downwards.
Found a stone staircase leading down.
There is a stone staircase leading up here.
Waypoint 4 assigned to D:5.
An ogre comes into view. It is wielding a +0 giant club.
The ogre shouts!
The ogre moves out of view.
An ogre is nearby!
You shoot an arrow. The arrow barely misses the ogre.
You shoot an arrow. The arrow hits the ogre.
The ogre is lightly wounded.
You shoot an arrow. The arrow hits the ogre!
The ogre is heavily wounded.
You shoot an arrow. The arrow hits the ogre.
The ogre is severely wounded.
The ogre hits you with a +0 giant club!!
Ouch! That really hurt!
You shoot an arrow. The arrow hits the ogre!
The ogre is almost dead.
The ogre hits you with a +0 giant club!!
Ouch! That really hurt!
You die...

...# ..#
...###.#
.....#
....#
#...#
##...#
#<...#
##O###>#
#@##
#....##
###..
###


You could see an ogre.

Vanquished Creatures
  A centaur (D:4)
  A phantom (D:4)
  An orc wizard (D:4)
  3 adders
  2 worms
  A dart slug (D:1)
  5 orcs
  4 endoplasms
  A giant cockroach (D:2)
  2 hobgoblins (D:1)
  4 jackals (D:3)
  2 quokkas
  6 ball pythons
  6 bats
  3 frilled lizards
  4 goblins
  7 kobolds
  3 rats
56 creatures vanquished.

Notes
Turn   | Place    | Note
-------+----------+-------------------------------------------
     0 | D:1      | qw the Gargoyle Hunter began the quest for the Orb.
     0 | D:1      | Reached XP level 1. HP: 12/12 MP: 1/1
     0 | D:1      | 0 ||| qw: Version: 0.2-a-29-gc1b59c4
     0 | D:1      | 0 ||| qw: Game counter: 4515
     0 | D:1      | 0 ||| qw: Always use a shield: true
     0 | D:1      | 0 ||| qw: God list: Okawaru
     0 | D:1      | 0 ||| qw: Allow faded altars: false
     0 | D:1      | 0 ||| qw: Do Orc after D:15 true
     0 | D:1      | 0 ||| qw: Do second Lair branch before Depths: true
     0 | D:1      | 0 ||| qw: Lair rune preference: random
     0 | D:1      | 0 ||| qw: Plans: Normal, Zot:1-4, Slime:5, God:TSO, Crypt,
                  | Tomb, Abyss, Pan, Hells, Win
     0 | D:1      | 0 ||| PLANNING D:1-11
    99 | D:1      | Reached XP level 2. HP: 17/17 MP: 2/2
   731 | D:1      | 731 ||| READING 2 scrolls labelled MOZETA FARIKH.
   732 | D:1      | 732 ||| READING scroll of enchant weapon.
   732 | D:1      | 732 ||| ENCHANTING +1 shortbow.
   733 | D:1      | 733 ||| READING 2 scrolls labelled ACHOMI IVVYBI.
   734 | D:1      | 734 ||| READING scroll labelled JUADUS ZEOROIR.
   735 | D:1      | 735 ||| READING scroll labelled UKLIMN MOQO.
   736 | D:1      | 736 ||| READING scroll labelled ROONKO JAAGG.
   737 | D:1      | 737 ||| READING scroll labelled OSAOBI SIARU.
   738 | D:1      | 738 ||| DRINKING 2 murky inky potions.
   739 | D:1      | 739 ||| DROPPING scroll of butterflies.
   740 | D:1      | 740 ||| DROPPING potion of enlightenment.
   997 | D:2      | Reached skill level 5 in Ranged Weapons
   997 | D:2      | Reached XP level 3. HP: 21/21 MP: 3/3
  1042 | D:2      | Identified the +10 dagger of Nauplo Akko {freeze, rF+}
  1544 | D:2      | Found a glowing golden altar of the Shining One.
  1551 | D:2      | Found a faded altar of an unknown god.
  1811 | D:2      | 1811 ||| UPGRADING to +0 ring mail.
  1821 | D:2      | 1821 ||| DROPPING +0 leather armour.
  1822 | D:2      | 1822 ||| READING scroll labelled WEGEGE BEAPP.
  1922 | D:3      | Reached skill level 1 in Armour
  2006 | D:3      | Identified the +8 trident of the Moon {vamp, rF+}
  2147 | D:3      | Reached skill level 3 in Fighting
  2147 | D:3      | Reached XP level 4. HP: 28/28 MP: 4/4
  2498 | D:3      | 2498 ||| UPGRADING to +0 helmet.
  2503 | D:3      | 2503 ||| READING 3 scrolls labelled PUJE GUNLICK.
  2523 | D:3      | 2523 ||| READING 2 scrolls of identify.
  2523 | D:3      | 2523 ||| IDENTIFYING fuming amethyst potion
  2524 | D:3      | 2524 ||| DROPPING 2 scrolls of torment.
  2609 | D:4      | Noticed a phantom
  2617 | D:4      | Killed a phantom
  2618 | D:4      | Reached XP level 5. HP: 32/32 MP: 5/5
  2777 | D:4      | Found an iron altar of Okawaru.
  2778 | D:4      | 2778 ||| PLANNING OKAWARU WORSHIP
  2781 | D:4      | Became a worshipper of Warmaster Okawaru
  2781 | D:4      | 2781 ||| PLANNING D:1-11
  2855 | D:4      | Reached skill level 6 in Ranged Weapons
  2918 | D:4      | Found a basalt altar of Yredelemnul.
  2920 | D:4      | Noticed a centaur
  2923 | D:4      | Killed a centaur
  2924 | D:4      | Reached XP level 6. HP: 30/38 MP: 6/6
  3476 | D:5      | Entered Level 5 of the Dungeon
  3484 | D:5      | Slain by an ogre

Levels and vault maps discovered:
D:1:      lightli_arrival_noodles, layout_basic
D:2:      layout_basic, basic_ecumenical_altar, basic_altar
D:3:      layout_loops_ring, minmay_shallow_snake_nest
D:4:      layout_cave_pods, lemuel_tele_altar, mainiacjoe_overflow_alcove_4
D:5:      layout_layer_cave, serial_shops, shop, st_stairs_12, uniq_ijyb

Skill      XL: |  1  2  3  4  5 |
---------------+----------------+-----
Ranged Weapons | 5 6 |  6.2
Armour         | 1 |  1.0
Fighting       | 3 4 |  4.3
Dodging        | |  1.5
Stealth        | |  1.1

Action                     |  1- 3 |  4- 6 || total
---------------------------+-------+-------++-------
   Fire: Shortbow          |   110 |    78 ||   188
    Use: Scroll            |     8 |     2 ||    10
         Potion            |     1 |       ||     1
 Armour: Leather armour    |     5 |       ||     5
         Ring mail         |    10 |    22 ||    32
  Dodge: Dodged            |    20 |    13 ||    33

Table legend:
 A = Non-vault XP
 B = Vault XP
 C = Vault XP percentage of total XP
 D = Non-vault monster count
 E = Vault monster count
 F = Vault count percentage of total count
                 A         B        C        D         E       F
            +---------+---------+-------+---------+---------+-------
      Total |     367 |      14 |   3.7 |      54 |       2 |   3.6
            +---------+---------+-------+---------+---------+-------
        D:1 |      25 |       0 |   0.0 |      15 |       0 |   0.0
        D:2 |      21 |       0 |   0.0 |       7 |       0 |   0.0
        D:3 |      50 |      14 |  21.9 |      20 |       2 |   9.1
        D:4 |     271 |       0 |   0.0 |      12 |       0 |   0.0
            +---------+---------+-------+---------+---------+-------
